AoeStats
← UrgedAsp3757

Arena

508111338Analyzed
1v1 RM · 10d ago on Sep 20, 2026· 45m 15s· 2 players
Game mode
Random Map
Map size
Tiny (2 player)
Population
200
Speed
Normal
Resources
Standard
Victory
Conquest
Starting age
Dark Age
Ending age
Imperial Age
RankedLock teamsTeams togetherTeam positionsShared explorationLock speedFull tech treeHidden civsTurbo modeCheats
Victory
Defeat
🇺🇸 Burgundians · United States
755
+23
🇨🇴 Burgundians · Colombia
642
-11
Nay405
1:27 Wheelbarrow
2:59 Loom
5:48 Double-Bit Axe
13:12 Feudal Age
12:14 Horse Collar
14:25 Bow Saw
14:34 Gold Mining
15:20 Heavy Plow
16:32 Arson
17:31 Gold Shaft Mining
18:16 Hand Cart
18:35 Stone Mining
24:45 Castle Age
22:47 Scale Mail Armor
24:23 Stone Shaft Mining
24:04 Forging
24:00 Scale Barding Armor
25:02 Cavalier
26:26 Crop Rotation
27:04 Two-Man Saw
30:20 Chain Mail Armor
36:59 Imperial Age
34:42 Treadmill Crane
35:22 Ballistics
34:59 Murder Holes
38:47 Chemistry
38:52 Plate Mail Armor
38:57 Iron Casting
38:45 Chain Barding Armor
41:04 Paladin
UrgedAsp3757
10:57 Feudal Age
10:40 Horse Collar
11:58 Wheelbarrow
12:16 Heavy Plow
13:27 Double-Bit Axe
19:47 Castle Age
18:10 Stone Mining
19:43 Bow Saw
19:36 Scale Mail Armor
20:28 Gold Mining
21:34 Fletching
23:15 Pikeman
24:37 Forging
25:31 Chain Mail Armor
27:26 Hand Cart
28:27 Iron Casting
31:01 Town Watch
32:32 Two-Man Saw
31:39 Scale Barding Armor
31:05 Cavalier
37:21 Imperial Age
35:33 Chain Barding Armor
42:23 Paladin
Connection lost

Rejoining the realm…

Still unreachable

The connection could not be restored.

Session expired

The server has moved on; the page needs a fresh start.